 Dungeon Crawl Stone Soup version 0.30-b1-2-g02819fbbbe (webtiles) character file.

Game seed: 17178743009751076127

82 Mesmaeker13 the Shooter (level 4, 0/33 (37) HPs)
             Began as a Barachi Hunter on July 30, 2023.
             Slain by Terence
             ... wielding a +2 short sword of freezing
              (1 damage)
             ... on level 2 of the Dungeon.
             The game lasted 00:01:41 (1255 turns).

Mesmaeker13 the Shooter (Barachi Hunter)            Turns: 1255, Time: 00:01:42

HP:   0/33 (37)     AC:  7    Str: 13    XL:     4   Next: 43%
MP:   4/4           EV: 13    Int:  9    God:
Gold: 106           SH:  0    Dex: 17    Spells: 3/3 levels left

rFire   . . .        a - +0 shortbow
rCold   . . .        (shield currently unavailable)
rNeg    . . .        c - +0 leather armour
rPois   .            (no helmet)
rElec   .            e - scarf {+Inv}
rCorr   .            (no gloves)
SInv    .            (no boots)
Will    .....        (no amulet)
Stlth   ++           i - ring of flight
HPRegen 0.25/turn    j - +4 ring of protection
MPRegen 0.09/turn

%: no passive effects
@: unable to hop, flying, heavily drained, slow
A: amphibious, slowness 1, strong legs 1, +LOS
a: Hop, Evoke Invisibility


You were on level 2 of the Dungeon.
You visited 1 branch of the dungeon, and saw 2 of its levels.

You collected 106 gold pieces.

Inventory:

Hand Weapons
 a - a +0 shortbow (weapon)
 o - a +0 short sword
Missiles
 f - 6 poisoned darts
Armour
 c - a +0 leather armour (worn)
 e - a scarf of invisibility (worn)
Jewellery
 h - an amulet of faith
 i - a ring of flight (left hand)
 j - a +4 ring of protection (right hand)
Scrolls
 b - a scroll of immolation
 n - a scroll of amnesia
Potions
 d - a potion of curing {unknown}
 g - a potion of ambrosia {unknown}
 l - a potion of attraction {unknown}
 m - a potion of mutation {unknown}


   Skills:
 + Level 3.7 Fighting
 + Level 4.6 Ranged Weapons
 + Level 3.3 Dodging
 - Level 0.8 Stealth


You had 3 spell levels left.
You didn't know any spells.
Your spell library was empty.

Dungeon Overview and Level Annotations

Branches:
Dungeon (2/15)

Altars:

Annotations:
D:2 Terence


Innate Abilities, Weirdness & Mutations

You are amphibious.
You cover ground slowly.
You can hop short distances.
You have an extended range of vision and can be seen from far away.


Message History

Terence hits you with a +2 short sword of freezing.
Terence freezes you. Terence attacks as you move away! Terence misses you.
Terence completely misses you.
Terence says, "Time to say good-bye..."
Terence hits you with a +2 short sword of freezing.
Terence freezes you.
Terence hits you with a +2 short sword of freezing.
Terence freezes you. Terence hits you but does no damage.
Terence hits you but does no damage. Terence barely misses you.
Your legs are too worn out to hop.
Terence attacks as you move away!
Terence hits you with a +2 short sword of freezing.
Terence freezes you.
Terence hits you with a +2 short sword of freezing.
* * * LOW HITPOINT WARNING * * *
Terence freezes you.
* * * LOW HITPOINT WARNING * * *
Okay, then.
You feel drained.
You fail to use your ability.
Terence hits you but does no damage. Terence misses you.
The frilled lizard attacks as you move away!
The frilled lizard misses you. Terence attacks as you move away!
Terence hits you with a +2 short sword of freezing.
* * * LOW HITPOINT WARNING * * *
Terence freezes you.
* * * LOW HITPOINT WARNING * * *
Terence shouts, "ATTACK!!!"; Terence says, "You're history."
Terence barely misses you. Terence closely misses you.
Terence hits you but does no damage. Terence closely misses you.
There is a stone staircase leading down here.
Terence hits you with a +2 short sword of freezing.
* * * LOW HITPOINT WARNING * * *
Terence freezes you.
You die...

#.#.# ##'#'### #....##
#.#.#######......# #....##
###'#...#...'......# #....##
#.....#.#.###......# #....##
#.....#.#.#......### #....##
#.....#.#.###....#########....##
##.....#.#.###....#.......'......
#......)<#.#......#.#######....##
#....#)#.#.#.#..@@#.# #....#
#....#...#.#.#...l..# #....#
#....#####.#.#....÷.#######....#
#......^.#.#.####........##....#
#...####.#.#.............#...###
#..........#..######.........####
##†#####)###..# ###.......'...
#...# #.# #..# ###.#...####
#...####.###..##########.#...####


You could see Terence (fast) and a frilled lizard.

Vanquished Creatures
  Natasha (D:2)
  An adder (D:2)
  2 worms (D:2)
  A dart slug (D:1)
  A ball python (D:2)
  An endoplasm (D:2)
  A giant cockroach (D:2)
  5 goblins
  3 hobgoblins
  6 kobolds
  2 quokkas (D:2)
  6 bats
  3 frilled lizards
  7 rats
40 creatures vanquished.

Notes
Turn   | Place    | Note
-------+----------+-------------------------------------------
     0 | D:1      | Mesmaeker13 the Barachi Hunter began the quest for the Orb.
     0 | D:1      | Reached XP level 1. HP: 17/17 MP: 1/1
   119 | D:1      | Reached XP level 2. HP: 23/23 MP: 2/2
   599 | D:2      | Reached XP level 3. HP: 29/29 MP: 3/3
  1045 | D:2      | Noticed Natasha
  1049 | D:2      | Killed Natasha
  1050 | D:2      | Reached XP level 4. HP: 34/37 MP: 4/4
  1060 | D:2      | Noticed Terence
  1255 | D:2      | HP: 1/33 [Terence/+2 short sword of freezing (3)]
  1255 | D:2      | Slain by Terence

Illustrated notes

Levels and vault maps discovered:
D:1:      dpeg_arrival_three_same_balls, layout_basic
D:2:      layout_basic, uniq_sigmund, uniq_terence, uniq_natasha

Skill      XL: |  1  2  3 |
---------------+----------+-----
Fighting       | 3 |  3.7
Dodging        | 3 |  3.3
Ranged Weapons | |  4.6
Stealth        | |  0.8

Action                     |  1- 3 |  4- 6 || total
---------------------------+-------+-------++-------
   Fire: Shortbow          |   103 |     8 ||   111
Ability: Hop               |       |     1 ||     1
    Use: Scroll            |       |     1 ||     1
 Armour: Leather armour    |    15 |     5 ||    20
  Dodge: Dodged            |    27 |    11 ||    38
